 Dungeon Crawl Stone Soup version 0.23.2-1-ga50397a6bc (webtiles) character file.

Game seed: 14321191102864944088

7441 Artanis the Cleaver (level 11, -4/101 HPs)
             Began as a Hill Orc Fighter on Apr 18, 2019.
             Was an Elder of Trog.
             Slain by a komodo dragon (20 damage)
             ... on level 1 of the Lair of Beasts on Apr 19, 2019.
             The game lasted 01:30:25 (10872 turns).

Artanis the Cleaver (Hill Orc Fighter)             Turns: 10872, Time: 01:30:25

Health: -4/101     AC: 15    Str: 26    XL:     11   Next: 15%
Magic:  11/11      EV:  9    Int: 10    God:    Trog [****..]
Gold:   609        SH: 12    Dex: 15    Spells: 10/10 levels left

rFire    . . .     SeeInvis +   a - +0 war axe
rCold    . . .     Gourm    .   c - +0 shield
rNeg     . . .     Faith    +   P - +2 scale mail {MR+}
rPois    +         Spirit   .   j - +0 helmet
rElec    .         Reflect  .   K - +0 cloak
rCorr    .         Harm     .   (no gloves)
MR       ++...                  w - +0 pair of boots
Stlth    ..........             s - amulet of faith
HPRegen  0.26/turn              G - +5 ring of dexterity
MPRegen  0.12/turn              E - +3 ring of strength

@: no status effects
A: see invisible, clever 1, magic resistance 1, poison resistance
a: Berserk, Trog's Hand, Brothers in Arms, Renounce Religion


You were on level 1 of the Lair of Beasts.
You worshipped Trog.
Trog was greatly pleased with you.
You were not hungry.

You visited 2 branches of the dungeon, and saw 10 of its levels.

You collected 609 gold pieces.

Inventory:

Hand Weapons
 a - a +0 war axe (weapon)
 h - a +0 flail
 l - a +0 hunting sling
Missiles
 i - 3 needles of confusion
 u - 29 poisoned needles
 J - 52 sling bullets
Armour
 b - a +0 scale mail
 c - a +0 shield (worn)
 j - a +0 helmet (worn)
 w - a +0 pair of boots (worn)
 K - a +0 cloak (worn)
 L - a +1 leather armour of cold resistance
 P - a +2 scale mail of magic resistance (worn)
 Q - a +2 robe of cold resistance
Jewellery
 q - an uncursed ring of protection from magic
 s - an amulet of faith (around neck)
 t - an uncursed ring of resist corrosion
 C - an uncursed ring of flight
 E - a +3 ring of strength (right hand)
 G - a +5 ring of dexterity (left hand)
Wands
 o - a wand of disintegration (8)
 I - a wand of iceblast (15)
 M - a wand of random effects (13)
 O - a wand of acid (8)
 U - a wand of scattershot (5)
Scrolls
 m - 6 scrolls of teleportation
 r - 5 scrolls of remove curse
 v - 2 scrolls of amnesia
 y - a scroll of magic mapping
 B - 2 scrolls of enchant weapon
 H - 2 scrolls of enchant armour {unknown}
 N - a scroll of silence {unknown}
 S - a scroll of fog {unknown}
Potions
 d - 5 potions of might
 e - a potion of flight
 g - 4 potions of curing
 k - 2 potions of agility
 n - a potion of ambrosia {unknown}
 p - a potion of cancellation {unknown}
 x - 4 potions of heal wounds {unknown}
 z - a potion of lignification {unknown}
 A - 2 potions of haste {unknown}
 D - a potion of brilliance {unknown}
 F - a potion of resistance {unknown}
 R - 2 potions of berserk rage {unknown}
 T - a potion of magic {unknown}
Comestibles
 f - 5 rations


   Skills:
 + Level 10.7 Fighting
 + Level 11.1 Axes
 + Level 9.8 Armour
 + Level 9.8 Shields


You had 10 spell levels left.
You didn't know any spells.
Your spell library contained the following spells:

 Spells                   Type           Power        Failure   Level  Hunger
 Corona                   Hex            #......      82%         1    ##.....
 Magic Dart               Conj           #...         82%         1    ##.....
 Blink                    Tloc           N/A          91%         2    ###....
 Call Imp                 Summ           #.......     91%         2    ###....
 Ensorcelled Hibernation  Hex/Ice        #.....       91%         2    ###....
 Searing Ray              Conj           #.....       91%         2    ###....
 Slow                     Hex            #.......     91%         2    ###....
 Confuse                  Hex            #.......     99%         3    ####...
 Conjure Flame            Conj/Fire      #.......     99%         3    ####...
 Dazzling Spray           Conj/Hex       #.....       99%         3    ####...
 Mephitic Cloud           Conj/Pois/Air  #.......     99%         3    ####...
 Tukima's Dance           Hex            #.......     99%         3    ####...
 Force Lance              Conj/Tloc      #.......     100%        4    #####..
 Fulminant Prism          Conj/Hex       #.........   100%        4    #####..
 Iskenderun's Mystic Bla  Conj           #.......     100%        4    #####..


Dungeon Overview and Level Annotations

Branches:
Dungeon (9/15)             Temple (0/1) D:5            Lair (1/6) D:9
    Orc: D:9-12

Altars:
Fedhas
Trog
The Shining One

Shops:
D:4 }   D:7 ?   D:9 [*


Innate Abilities, Weirdness & Mutations

You have supernaturally acute eyesight. (SInv)
Your mind is acute. (Int +2)
You are resistant to hostile enchantments. (MR+)
Your system is resistant to poisons. (rPois)


Message History

You slash the komodo dragon!
The komodo dragon is almost dead.
The komodo dragon closely misses you.
Your shield and scale mail prevent you from hitting the komodo dragon.
The komodo dragon is almost dead.
The komodo dragon bites you but does no damage.
You hit the komodo dragon but do no damage.
The komodo dragon is almost dead.
The komodo dragon bites you.
You hit the komodo dragon but do no damage.
The komodo dragon is almost dead.
The komodo dragon barely misses you.
You barely miss the komodo dragon.
The komodo dragon is almost dead.
The komodo dragon bites you!!
* * * LOW HITPOINT WARNING * * *
You barely miss the komodo dragon.
The komodo dragon is almost dead.
The komodo dragon bites you!!
You die...

....###
#..#...........#. .
#................ #.
................. ..
##................
#.#.###.................
.....#.................
#.#.#.................#.
......l@................
#.#.#####...............
#...............
##.....#.........
#......#........#
##...............
#...............
#...............
################


You could see a komodo dragon.

Vanquished Creatures
  Harold (D:8)
  Fannar (Lair:1)
  A two-headed ogre (D:8)
  Pikel (D:3)
  Psyche (D:9)
  Joseph (D:7)
  2 trolls (D:9)
  2 hippogriffs
  Menkaure (D:7)
  A water moccasin (D:8)
  6 ice beasts
  2 black bears
  2 sky beasts
  5 ogres
  4 centaurs
  3 bullfrogs
  A water moccasin zombie (D:9)
  2 scorpions (D:9)
  6 wights
  2 crimson imps
  2 howler monkeys
  2 bullfrog zombies
  A quasit (D:9)
  A centaur zombie (D:6)
  A jelly (D:9)
  3 bullfrog skeletons
  5 hounds
  An orc priest (D:7)
  2 iguanas
  2 orc wizards (D:7)
  5 worker ants
  A hound skeleton (D:8)
  A howler monkey zombie (D:9)
  10 gnolls
  A howler monkey skeleton (D:5)
  5 adders
  3 shadow imps
  An ooze (D:1)
  An adder skeleton (D:5)
  6 dart slugs
  8 leopard geckos
  12 orcs
  2 ball pythons
  4 bats
  4 giant cockroaches
  8 goblins
  7 hobgoblins
  12 jackals
  9 kobolds
  6 quokkas
  A ball python skeleton (D:5)
  7 frilled lizards
  A jackal skeleton (D:7)
  2 leopard gecko skeletons
  A leopard gecko zombie (D:7)
  12 rats
195 creatures vanquished.

Vanquished Creatures (others)
  An adder zombie (D:4)
  An orc (D:4)
  A jackal skeleton (D:4)
3 creatures vanquished.

Grand Total: 198 creatures vanquished

Notes
Turn   | Place    | Note
-------+----------+-------------------------------------------
     0 | D:1      | Artanis the Hill Orc Fighter began the quest for the Orb.
     0 | D:1      | Reached XP level 1. HP: 19/19 MP: 1/1
   147 | D:1      | Reached XP level 2. HP: 23/27 MP: 2/2
   347 | D:1      | Reached skill level 3 in Axes
   544 | D:1      | Reached XP level 3. HP: 33/33 MP: 3/3
   995 | D:2      | Found a blossoming altar of Fedhas.
  1184 | D:2      | Found a bloodstained altar of Trog.
  1186 | D:2      | Found a glowing golden altar of the Shining One.
  1193 | D:2      | Became a worshipper of Trog the Wrathful
  1309 | D:2      | Reached XP level 4. HP: 41/41 MP: 4/4
  2056 | D:3      | Reached XP level 5. HP: 19/47 MP: 5/5
  2557 | D:3      | Reached skill level 4 in Axes
  2974 | D:3      | Reached * piety under Trog
  3271 | D:4      | Noticed a slave
  3272 | D:4      | Noticed Pikel
  3273 | D:4      | Noticed a slave
  3273 | D:4      | Noticed a slave
  3278 | D:4      | Noticed a slave
  3287 | D:3      | Killed Pikel
  3287 | D:3      | Reached skill level 5 in Axes
  3287 | D:3      | Reached skill level 5 in Armour
  3287 | D:3      | Reached skill level 5 in Shields
  3287 | D:3      | Reached XP level 6. HP: 57/57 MP: 6/6
  3287 | D:3      | Reached XP level 7. HP: 63/63 MP: 7/7
  3968 | D:4      | Found Geptus's Gadget Emporium.
  4188 | D:5      | Entered Level 5 of the Dungeon
  4192 | D:5      | Reached skill level 6 in Axes
  4280 | D:5      | Reached XP level 8. HP: 71/71 MP: 8/8
  4353 | D:5      | Found a staircase to the Ecumenical Temple.
  4421 | D:5      | Reached ** piety under Trog
  5053 | D:6      | Reached skill level 7 in Axes
  6184 | D:7      | Noticed Menkaure
  6193 | D:7      | Killed Menkaure
  6193 | D:7      | Reached XP level 9. HP: 72/80 MP: 9/9
  6406 | D:7      | Reached skill level 8 in Axes
  6867 | D:7      | Noticed Joseph
  6880 | D:7      | Killed Joseph
  6896 | D:7      | Reached *** piety under Trog
  6964 | D:7      | Gained mutation: You are clumsy. (Dex -2) [potion of
                  | mutation]
  6964 | D:7      | Gained mutation: Your system is resistant to poisons.
                  | (rPois) [potion of mutation]
  6964 | D:7      | Gained mutation: You are robust. (+10% HP) [potion of
                  | mutation]
  6964 | D:7      | Gained mutation: You have large cloven feet. [potion of
                  | mutation]
  6965 | D:7      | Lost mutation: You are clumsy. (Dex -2) [potion of
                  | mutation]
  6965 | D:7      | Lost mutation: You are robust. (+10% HP) [potion of
                  | mutation]
  6965 | D:7      | Lost mutation: You have large cloven feet. [potion of
                  | mutation]
  6965 | D:7      | Gained mutation: You have supernaturally acute eyesight.
                  | (SInv) [potion of mutation]
  6965 | D:7      | Gained mutation: Your mind is acute. (Int +2) [potion of
                  | mutation]
  6965 | D:7      | Gained mutation: You are resistant to hostile enchantments.
                  | (MR+) [potion of mutation]
  7065 | D:7      | Found Uceycw's Magic Scroll Emporium.
  7446 | D:8      | Reached skill level 9 in Axes
  8175 | D:8      | Noticed a two-headed ogre
  8196 | D:8      | Killed a two-headed ogre
  8196 | D:8      | Reached XP level 10. HP: 24/91 MP: 10/10
  8658 | D:8      | Noticed Harold
  8680 | D:8      | Killed Harold
  8680 | D:8      | Reached skill level 10 in Axes
  9374 | D:9      | Found Jyery's Antique Armour Shop.
  9548 | D:9      | Found Sesaak's General Store.
  9672 | D:9      | Reached skill level 10 in Fighting
  9767 | D:9      | Reached **** piety under Trog
 10407 | D:9      | Noticed Psyche
 10418 | D:9      | Killed Psyche
 10510 | D:9      | Reached XP level 11. HP: 101/101 MP: 11/11
 10561 | D:9      | Found a staircase to the Lair.
 10722 | Lair:1   | Entered Level 1 of the Lair of Beasts
 10751 | Lair:1   | Noticed Fannar
 10769 | Lair:1   | Killed Fannar
 10769 | Lair:1   | Reached skill level 11 in Axes
 10872 | Lair:1   | Slain by a komodo dragon

Skill      XL: |  1  2  3  4  5  6  7  8  9 10 11 |
---------------+----------------------------------+-----
Fighting       | 4 6 7 9 10 | 10.7
Axes           | 3 5 6 7 9 10 11 | 11.1
Shields        | 4 5 7 8 9 |  9.8
Armour         | 4 5 7 8 9 |  9.8

Action                   |  1- 3 |  4- 6 |  7- 9 | 10-12 || total
-------------------------+-------+-------+-------+-------++-------
Melee: War axe           |   134 |   141 |   347 |   241 ||   863
 Fire: Hunting sling     |       |       |     3 |       ||     3
Invok: Berserk           |       |     1 |     3 |     4 ||     8
       Trog's Hand       |       |       |     3 |     1 ||     4
Evoke: Wand              |       |       |    16 |    13 ||    29
  Use: Scroll            |       |     1 |     7 |     1 ||     9
       Potion            |       |     1 |     2 |       ||     3
  Eat: Ration            |     1 |     2 |     4 |     4 ||    11
       Chunk             |       |       |     3 |     2 ||     5
Armor: Scale mail        |    23 |       |       |    85 ||   108
       Ring mail         |    25 |    54 |   114 |    17 ||   210
Dodge: Dodged            |    33 |    62 |    90 |    68 ||   253
Block: Shield            |    66 |    83 |   204 |   140 ||   493
